 Dungeon Crawl Stone Soup version 0.21.1-1-g345015f (webtiles) character file.

1213 Hebeh the Chopper (level 8, -9/73 HPs)
             Began as a Deep Dwarf Fighter on June 15, 2018.
             Was a Believer of Makhleb.
             Killed by divine providence
             ... invoked by an orc priest
              (13 damage)
             ... on level 6 of the Dungeon.
             The game lasted 00:18:14 (4184 turns).

Hebeh the Chopper (Deep Dwarf Fighter)              Turns: 4184, Time: 00:18:16

Health: -9/73      AC: 10    Str: 22    XL:     8   Next: 22%
Magic:  6/6        EV:  8    Int:  9    God:    Makhleb [**....]
Gold:   290        SH: 10    Dex: 12    Spells: 7/7 levels left

rFire    . . .     SeeInvis .   a - +0 war axe
rCold    . . .     Gourm    .   c - +0 shield
rNeg     . . .     Faith    +   b - +0 scale mail
rPois    .         Spirit   .   x - +0 helmet
rElec    .         Reflect  .   (no cloak)
rCorr    .         Harm     .   (no gloves)
MR       ++...                  l - +0 pair of boots
Stlth    +.........             p - amulet of faith
HPRegen  0.00/turn              j - ring of stealth
MPRegen  0.10/turn              y - ring of protection from magic

@: non-regenerating
A: damage resistance, heal wounds, sense surroundings 1, no regeneration
a: Heal Wounds, Minor Destruction, Renounce Religion


You were on level 6 of the Dungeon.
You worshipped Makhleb.
Makhleb was pleased with you.
You were not hungry.

You visited 2 branches of the dungeon, and saw 7 of its levels.

You collected 290 gold pieces.

Inventory:

Hand Weapons
 a - a +0 war axe (weapon)
Armour
 b - a +0 scale mail (worn)
 c - a +0 shield (worn)
 l - a +0 pair of boots (worn)
 x - a +0 helmet (worn)
Jewellery
 j - a ring of stealth (left hand)
 p - an amulet of faith (around neck)
 y - a ring of protection from magic (right hand)
 D - an uncursed ring of positive energy {unknown}
Wands
 u - a wand of disintegration (10)
Scrolls
 k - 3 scrolls of identify
 m - 2 scrolls of remove curse {unknown}
 o - a scroll of noise {unknown}
 q - a scroll of fog {unknown}
 r - 4 scrolls of blinking {unknown}
 s - 2 scrolls of teleportation {unknown}
 t - 2 scrolls of enchant weapon {unknown}
 v - a scroll of fear {unknown}
 w - 2 scrolls of magic mapping {unknown}
 E - a scroll of amnesia {unknown}
 F - a scroll of enchant armour {unknown}
 H - a scroll of torment {unknown}
Potions
 d - a potion of might
 e - 2 potions of flight {unknown}
 g - 2 potions of agility {unknown}
 h - 2 potions of mutation {unknown}
 i - a potion of brilliance {unknown}
 n - 2 potions of ambrosia {unknown}
 z - a potion of berserk rage {unknown}
 A - a potion of curing {unknown}
 B - a potion of heal wounds {unknown}
Books
 G - a book of Conjurations

   Spells                             Type                      Level
   a - Magic Dart                     Conjuration                  1
   b - Searing Ray                    Conjuration                  2
   c - Dazzling Spray                 Conjuration/Hexes            3
   d - Fulminant Prism                Conjuration/Hexes            4
   e - Force Lance                    Conjuration/Translocation    4
   f - Iskenderun's Mystic Blast      Conjuration                  4
Comestibles
 f - 15 rations
 C - a chunk of flesh


   Skills:
 + Level 4.8 Fighting
 * Level 7.1 Axes
 + Level 5.8 Armour
 + Level 5.8 Shields


You had 7 spell levels left.
You didn't know any spells.

Dungeon Overview and Level Annotations

Branches:
Dungeon (6/15)             Temple (1/1) D:4

Altars:
Ashenzari
Elyvilon
Fedhas
Hepliaklqana
Makhleb
Okawaru
Ru
Sif Muna
Trog
Uskayaw
Vehumet
Wu Jian
The Shining One


Innate Abilities, Weirdness & Mutations

You are resistant to damage.
You can heal yourself by infusing magical energy.
You passively map a small area around you.
You do not regenerate.


Message History

The orc wizard closely misses you.
The orc wizard gestures wildly while chanting.
The orc wizard blinks!
You slash the ogre!
The ogre is heavily wounded.
The ogre hits you with a giant club!
You closely miss the ogre.
The ogre is heavily wounded.
You slash the orc wizard!
The orc wizard points at you and mumbles some strange words.
The magic dart hits you!
The orc priest casts a cantrip, but nothing happens.
The ogre hits you with a giant club!!
* * * LOW HITPOINT WARNING * * *
The orc wizard points at you and mumbles some strange words.
The magic dart hits you!
* * * LOW HITPOINT WARNING * * *
The orc priest invokes the aid of Beogh against you.
Beogh smites you!
You die...

* #..o. ,, ,
* * ..[. ,, *
, ...## , ,
...## , * * ,
...##.# * ,
** *#.....# *
, ###.# * , ,
######oo.# *
*#..o@Ooo.#
#..#####..# *
#...# #..## *
, * #.##
###...# **..,
#...#.# * #.
####.###.#
*#,
#....###.###*
*
#..#.........
#...
#.........


You could see an ogre, 2 orc priests, 2 orc wizards and an orc.

Vanquished Creatures
  A phantom (D:6)
  An ogre (D:5)
  4 scorpions
  A howler monkey (D:5)
  2 centaur zombies (D:4)
  3 hounds (D:5)
  3 orc priests
  2 jellies
  An iguana (D:5)
  5 orc wizards
  Ijyb (D:5)
  4 worker ants
  2 worker ant zombies (D:5)
  6 adders
  4 shadow imps (D:5)
  2 oozes
  2 adder skeletons (D:4)
  An adder zombie (D:4)
  A worm (D:3)
  2 dart slugs
  2 leopard geckos
  23 orcs
  4 bats
  4 giant cockroaches
  3 goblins
  A hobgoblin (D:2)
  7 jackals
  2 ball pythons
  2 frilled lizards
  2 jackal zombies (D:4)
  3 kobolds
  A rat (D:2)
102 creatures vanquished.

Notes
Turn   | Place    | Note
-------+----------+-------------------------------------------
     0 | D:1      | Hebeh the Deep Dwarf Fighter began the quest for the Orb.
     0 | D:1      | Reached XP level 1. HP: 20/20 MP: 1/1
   176 | D:1      | Reached XP level 2. HP: 24/27 MP: 2/2
   518 | D:1      | You fall through a shaft!
   971 | D:2      | Reached skill level 3 in Axes
   971 | D:2      | Reached XP level 3. HP: 19/34 MP: 3/3
  1499 | D:3      | Found a deep blue altar of Sif Muna.
  1639 | D:3      | Reached XP level 4. HP: 42/42 MP: 4/4
  1721 | D:3      | Found a sacrificial altar of Ru.
  1757 | D:3      | Found a hide-covered altar of Uskayaw.
  1757 | D:3      | Found a bloodstained altar of Trog.
  1846 | D:3      | Found a hazy altar of Hepliaklqana.
  2027 | D:3      | Reached skill level 4 in Axes
  2027 | D:3      | Reached XP level 5. HP: 28/49 MP: 4/4
  2221 | D:4      | Reached XP level 6. HP: 19/56 MP: 5/5
  2334 | D:4      | Reached skill level 5 in Axes
  2379 | D:4      | Found a staircase to the Ecumenical Temple.
  2403 | Temple   | Entered the Ecumenical Temple
  2422 | Temple   | Became a worshipper of Makhleb the Destroyer
  2772 | D:4      | Reached XP level 7. HP: 52/64 MP: 6/6
  2776 | D:4      | Reached skill level 5 in Shields
  2991 | D:5      | Entered Level 5 of the Dungeon
  3000 | D:5      | Reached * piety under Makhleb
  3026 | D:5      | Noticed Ijyb
  3027 | D:5      | Reached skill level 5 in Armour
  3039 | D:5      | Killed Ijyb
  3087 | D:5      | Reached skill level 6 in Axes
  3123 | D:5      | Found an iron altar of Okawaru.
  3488 | D:5      | Reached ** piety under Makhleb
  3569 | D:5      | Found a white marble altar of Elyvilon.
  3601 | D:5      | Reached XP level 8. HP: 51/73 MP: 6/6
  4066 | D:6      | Found a blossoming altar of Fedhas.
  4126 | D:6      | Reached skill level 7 in Axes
  4184 | D:6      | Killed from afar by an orc priest

Skill      XL: |  1  2  3  4  5  6  7  8 |
---------------+-------------------------+-----
Fighting       | 3 4 |  4.8
Axes           | 3 4 5 6 7 |  7.1
Shields        | 4 5 |  5.8
Armour         | 4 5 |  5.8

Action                   |  1- 3 |  4- 6 |  7- 9 || total
-------------------------+-------+-------+-------++-------
Melee: War axe           |   111 |   125 |   230 ||   466
 Abil: Heal Wounds       |     1 |     4 |     2 ||     7
  Use: Scroll            |     2 |       |       ||     2
  Eat: Chunk             |     2 |     4 |     5 ||    11
Armor: Scale mail        |    71 |    77 |    79 ||   227
Dodge: Dodged            |    42 |    32 |    60 ||   134
Block: Shield            |    59 |    57 |   135 ||   251
